 Dungeon Crawl Stone Soup version 0.29-a0-362-g5854e031c7 (webtiles) character file.

Game seed: 10118370522820597729

315 Hubjo the Magician (level 6, 0/82 HPs)
             Began as a Deep Elf Fire Elementalist on Apr 29, 2022.
             Was an Initiate of Yredelemnul.
             Slain by Pikel
             ... wielding a +1 whip of freezing
              (1 damage)
             ... on level 4 of the Dungeon.
             The game lasted 00:04:54 (3760 turns).

Hubjo the Magician (Deep Elf Fire Elementalist)     Turns: 3760, Time: 00:04:56

Health: 0/82       AC: 23    Str:  5    XL:     6   Next: 20%
Magic:  2/15       EV:  2    Int: 20    God:    Yredelemnul [......]
Gold:   235        SH:  0    Dex: 17    Spells: 13/14 levels left

rFire   + . .      SeeInvis .   e - +0 dagger
rCold   + . .      Faith    .   (no shield)
rNeg    . . .      Spirit   .   (body armour currently unavailable)
rPois   +          Reflect  .   (helmet currently unavailable)
rElec   +          Harm     .   (cloak currently unavailable)
rCorr   +          Rampage  .   (gloves currently unavailable)
Will    .....      NoTele   +   (boots currently unavailable)
Stlth   ..........              (no amulet)
HPRegen 0.23/turn               (no ring)
MPRegen 0.14/turn               (no ring)

@: berserking, tree-form, resistant, very quick
A: stationary, stasis, torment immunity, boosted hp
a: Renounce Religion, Recall Undead Harvest


You were on level 4 of the Dungeon.
You worshipped Yredelemnul.
Yredelemnul was noncommittal.
You were a tree.
You visited 1 branch of the dungeon, and saw 4 of its levels.

You collected 235 gold pieces.

Inventory:

Hand Weapons
 e - a +0 dagger (weapon)
Armour
 a - a +0 robe (melded)
 j - a +2 cloak (melded)
Scrolls
 c - 3 scrolls of teleportation
 f - a scroll of identify
 h - a scroll of immolation
 k - a scroll of amnesia
 m - 2 scrolls of vulnerability
Potions
 b - 3 potions of magic
 i - 2 potions of haste


   Skills:
 * Level 3.1 Fighting
 - Level 2.4 Dodging
 + Level 4.3 Stealth
 + Level 4.7 Spellcasting
 - Level 1.1 Conjurations
 + Level 4.5 Fire Magic


You had 13 spell levels left.
You knew the following spells:

 Your Spells              Type           Power      Damage    Failure   Level
a - Foxfire               Conj/Fire      64%        2x1d7     3%          1

Your spell library contained the following spells:

 Spells                   Type           Power      Damage    Failure   Level
 Scorch                   Fire           44%        2d7       2%          2
 Conjure Flame            Conj/Fire      16%        6-21      11%         3
 Inner Flame              Hex/Fire       13%        N/A       14%         3
 Flame Wave               Conj/Fire      16%        2d6       36%         4


Dungeon Overview and Level Annotations

Branches:
Dungeon (4/15)
 Temple: D:4-7

Altars:
Elyvilon
Yredelemnul

Annotations:
D:4 Pikel


Message History

k - a scroll of amnesia Pikel hits you with a +1 whip of freezing.
Pikel freezes you.
As you read the scroll of identify, it crumbles to dust.
m - 2 scrolls of vulnerability Pikel hits you with a +1 whip of freezing.
Pikel freezes you.
As you read the scroll of identify, it crumbles to dust.
i - 2 potions of haste Pikel closely misses you.
You hit Pikel but do no damage.
Pikel is lightly wounded.
Pikel hits you with a +1 whip of freezing!
* * * LOW HITPOINT WARNING * * *
Pikel freezes you.
* * * LOW HITPOINT WARNING * * *
It was a potion of resistance.
You feel protected. Pikel barely misses you.
It was a potion of lignification.
You turn into a tree.
Your +2 cloak melds into your body.
Your +0 robe melds into your body.
Your roots penetrate the ground.
Pikel hits you but does no damage.
It was a potion of berserk rage.
A red film seems to cover your vision as you go berserk!
You feel yourself moving faster!
You feel mighty!
Pikel hits you with a +1 whip of freezing.
* * * LOW HITPOINT WARNING * * *
You are too berserk!
You hit Pikel.
Pikel is moderately wounded.
You hit Pikel.
Pikel is moderately wounded.
Pikel hits you but does no damage.
You miss Pikel.
Pikel is moderately wounded.
Pikel hits you with a +1 whip of freezing.
* * * LOW HITPOINT WARNING * * *
Pikel freezes you.
You die...
Your body rises from the dead as a mindless zombie.

.....# #Z# +...+ ...#.# #.#.#
#...# ...#.# #.#.# #.5.# ...#.#
#.#.# #...# ...#.#
#.#.############.######
...#.######.#.##55.5............#
.#Z#.....Z..#.##5###.............
##.##########.##K###.##########.#
#.# #.....♣..#.# # #.#
#.#.##.#.#.# #.# #.#.##.#.#.#
#Z########.#.##.# #.#
#.Z...Z......##.# #.#
##########.#.##.# #.# #.#[##.#
#.####.# #..


You could see Pikel and 3 lemures.

Vanquished Creatures
  A lemure (D:4)
  2 orc priests
  An iguana (D:3)
  An orc wizard (D:4)
  2 adders
  An ufetubus (D:3)
  A worm (D:3)
  2 dart slugs
  5 orcs
  5 endoplasms
  2 giant cockroaches
  6 goblins
  2 hobgoblins (D:4)
  A jackal (D:1)
  5 kobolds
  2 quokkas (D:3)
  5 ball pythons
  5 bats
  3 frilled lizards
  4 rats
56 creatures vanquished.

Vanquished Creatures (collateral kills)
  An ogre (D:3)
  An orc wizard (D:4)
  A bat (D:2)
  3 endoplasms
  2 goblins (D:1)
  A hobgoblin (D:1)
  2 jackals (D:1)
  2 quokkas
  A frilled lizard (D:1)
  A rat (D:1)
  3 foxfires (D:1)
18 creatures vanquished.

Vanquished Creatures (others)
  An adder zombie (D:4)
  2 bat zombies (D:1)
  A goblin zombie (D:2)
  A hobgoblin zombie (D:4)
  2 kobold zombies
  4 orc zombies
  A quokka zombie (D:3)
  A rat zombie (D:1)
  A spectral endoplasm (D:3)
  370 foxfires
  4 toadstools (D:1)
  6 withered plants (D:1)
394 creatures vanquished.

Grand Total: 468 creatures vanquished

Notes
Turn   | Place    | Note
-------+----------+-------------------------------------------
     0 | D:1      | Hubjo the Deep Elf Fire Elementalist began the quest for
                  | the Orb.
     0 | D:1      | Reached XP level 1. HP: 10/10 MP: 6/6
     8 | D:1      | Found a faded altar of an unknown god.
    74 | D:1      | Prayed at the altar of an unknown god.
    74 | D:1      | Became a worshipper of Yredelemnul the Dark
    74 | D:1      | Reached * piety under Yredelemnul
   260 | D:1      | Reached XP level 2. HP: 15/16 MP: 2/8
   614 | D:1      | Reached skill level 1 in Fighting
   617 | D:1      | Reached ** piety under Yredelemnul
  1537 | D:2      | Reached XP level 3. HP: 20/20 MP: 5/9
  2333 | D:3      | Reached XP level 4. HP: 26/26 MP: 3/11
  2364 | D:3      | Noticed an ogre
  2873 | D:3      | Killed an ogre
  2874 | D:3      | Reached XP level 5. HP: 31/31 MP: 5/13
  3276 | D:4      | Reached XP level 6. HP: 36/36 MP: 6/14
  3457 | D:4      | Found a white marble altar of Elyvilon.
  3711 | D:4      | Noticed Pikel
  3760 | D:4      | HP: 1/82 [Pikel/+1 whip of freezing (5)]
  3760 | D:4      | Slain by Pikel

Illustrated notes

Levels and vault maps discovered:
D:1:      ldierk_walled_garden_2, layout_basic,
          ebering_ecumenical_altar_petrified, chequers_serial_rivers_micro_a,
          minivault_24
D:2:      layout_rooms
D:3:      layout_rooms
D:4:      kennysheep_six_static_rooms, layout_basic, elyvilon_altar_3,
          minmay_temple_entry_hall, serial_shops, shop, uniq_natasha,
          uniq_grinder, uniq_pikel, uniq_crazy_yiuf_cottage

Skill      XL: |  1  2  3  4  5  6 |
---------------+-------------------+-----
Fighting       | 1 2 3 |  3.1
Stealth        | 3 4 |  4.3
Spellcasting   | 4 |  4.7
Fire Magic     | 4 |  4.5
Dodging        | |  2.4
Conjurations   | |  1.1

Action                   |  1- 3 |  4- 6 || total
-------------------------+-------+-------++-------
Melee: Unarmed           |     3 |       ||     3
       Dagger            |     1 |    12 ||    13
 Cast: Foxfire           |   122 |   110 ||   232
Invok: Recall Undead Har |       |     1 ||     1
  Use: Scroll            |       |     5 ||     5
       Potion            |       |     3 ||     3
Armor: Robe              |       |     4 ||     4
       Skin              |       |     2 ||     2
Dodge: Dodged            |     6 |    24 ||    30

Table legend: (Time is in decaauts)
 A = Elapsed time spent in this place.
 B = Non-inter-level travel time spent in this place.
 C = Inter-level travel time spent in this place.
 D = Time resting spent in this place.
 E = Time spent auto-exploring this place.
 F = Levels seen in this place.
 G = Mean time per level.
                   A        B        C        D        E       F      G
               +--------+--------+--------+--------+--------+-----+--------+
         Total |   3761 |   3697 |     64 |      0 |   3173 |   4 |  940.2 |
       Dungeon |   3761 |   3697 |     64 |      0 |   3173 |   4 |  940.2 |
               +--------+--------+--------+--------+--------+-----+--------+

Top non-repeatable levels by time:
     D:1: 1336 daAuts
     D:3: 1128 daAuts
     D:2: 800 daAuts
     D:4: 495 daAuts
